Cogmind - Beta 9.4 @@@ ROGUE MODE // 2020.04.04 @ 06:30:33 Player: Eric Result: Smashed by cave-in Performance ------------- Evolutions (0) 0 Regions Visited (2) 400 Robots Destroyed (32) 160 Value Destroyed (717) 717 Prototype IDs (0) 0 Alien Tech Used (0) 0 Bonus (29) 29 TOTAL SCORE: 1306 Bonus ------- Follower Combat Kills 49 Friendly Fire -20 Cogmind --------- Core Integrity 0/250 Matter 261/300 Energy 134/160 System Corruption 8% Temperature Cool (0) Movement Walking (180) Ox2 Location -10/Mines Parts ------- > --- POWER (1) -------- Light Nuclear Core > --- PROPULSION (2) --- Aluminum Leg > --- UTILITY (2) ------ Large Storage Unit > --- WEAPON (2) ------- Light Cannon Grenade Launcher > --- INVENTORY (10) --- Light Ion Engine Aluminum Leg Sensor Array Light Armor Plating Hacking Suite Medium Laser Light Assault Rifle Shotgun Datajack Mining Laser Peak State ------------ > --- POWER ------------ Light Nuclear Core > --- PROPULSION ------- Aluminum Leg Aluminum Leg > --- UTILITY ---------- Large Storage Unit Tractor Beam > --- WEAPON ----------- Light Cannon Grenade Launcher > --- INVENTORY -------- Light Ion Engine Aluminum Leg Sensor Array Light Armor Plating Hacking Suite Medium Laser Light Assault Rifle Shotgun Datajack Mining Laser [Rating: 10] Favorites ----------- Power Light Ion Engine Engine Light Ion Engine Power Core Light Nuclear Core Propulsion Aluminum Leg Treads Light Treads Leg Aluminum Leg Utility Sensor Array Device Sensor Array Storage Large Storage Unit Weapon Light Cannon Energy Gun Medium Laser Ballistic Gun Assault Rifle Ballistic Cannon Light Cannon Launcher Grenade Launcher Special Melee Weapon Datajack Build | -11 -10 -10 ------- Run | Scr Mat Min Slots Evolved . | . . . Power . | . . . Propulsion . | . . . Utility . | . . . Weapon . | . . . Parts Attached 37 | 6 21 10 Power 6 | 1 3 2 Engine 5 | 1 3 1 Core 1 | . . 1 Reactor . | . . . Propulsion 9 | 2 5 2 Treads 3 | 2 1 . Leg 6 | . 4 2 Wheel . | . . . Hover . | . . . Flight . | . . . Utility 5 | 1 4 . Device 2 | . 2 . Storage 3 | 1 2 . Processor . | . . . Hackware . | . . . Protection . | . . . Artifact . | . . . Weapon 17 | 2 9 6 Energy Gun 2 | 1 1 . Energy Cannon . | . . . Ballistic Gun 6 | 1 3 2 Ballistic Cannon 2 | . 2 . Launcher 6 | . 3 3 Special Weapon . | . . . Impact Weapon . | . . . Slashing Weapon . | . . . Piercing Weapon . | . . . Special Melee Weapon 1 | . . 1 Unidentified Prototypes . | . . . Parts Lost 3 | . 1 2 Power . | . . . Propulsion 2 | . 1 1 Utility 1 | . . 1 Weapon . | . . . Highest Loss Streak 2 | . 1 2 Average Slot Usage (%) 99 | . 99 100 Engine 13 | . 14 13 Treads 8 | . 13 . Leg 19 | . 14 28 Device 13 | . 13 14 Storage 14 | . 14 14 Energy Gun 3 | . 5 . Ballistic Gun 15 | . 17 10 Ballistic Cannon 7 | . 3 14 Launcher 1 | . . 1 Naked Turns . | . . . Heaviest Build 28 | 11 26 28 Greatest Support 40 | 40 40 20 Greatest Overweight (x) 2 | 2 1 1 Average Overweight (x) . | . . 1 Largest Inventory Capacity 10 | 6 10 10 Average Capacity 8 | 5 7 10 Most Carried 10 | 6 8 10 Average Carried 7 | 5 6 9 Final Capacity 10 | 6 10 10 Final Carried 10 | 6 8 10 Class Distribution -------------------- 93% | Mutant 6% | Scavenger-Mutant Dominant Class ---------------- Mutant | -10/Materials Mutant | -10/Mines Resources | -11 -10 -10 ----------- Run | Scr Mat Min Matter Collected 903 | 202 328 373 Remotely 373 | . . 373 Salvage Created 763 | . 538 225 Parts 56 | . 43 13 Haulers Intercepted 2 | . 2 . Recyclers Shooed . | . . . Parts Field Recycled . | . . . Retrieved Matter . | . . . Parts Self-Destructed . | . . . Prevented . | . . . Kills | -11 -10 -10 ------- Run | Scr Mat Min Combat Hostiles Destroyed 19 | . 12 7 Guns 6 | . 4 2 Cannons 2 | . 1 1 AOE 11 | . 7 4 Classes Destroyed 7 | . 7 . Worker 6 | . 6 . Builder 1 | . 1 . Hauler 2 | . 2 . Operator 1 | . 1 . Watcher 3 | . 3 . Swarmer 4 | . 3 1 Grunt 15 | . 9 6 Best Kill Streak 9 | . 9 3 Combat Bots Only 5 | . 5 3 Max Kills in Single Turn 3 | . 3 3 Gunslinging . | . . . Exploded 2 | . 2 2 Melee . | . . . Uniques/NPCs Destroyed . | . . . Combat | -11 -10 -10 -------- Run | Scr Mat Min Damage Taken 1126 | . 578 548 Core 261 | . 109 152 Absorbed by Shields . | . . . Core Remaining (%) 100 | 100 . . Volleys Fired 60 | . 46 14 Largest 2 | . 2 2 Hottest 70 | . 70 65 Shots Fired 118 | . 90 28 Gun 88 | . 77 11 Cannon 16 | . 2 14 Launcher 14 | . 11 3 Special . | . . . Kinetic 89 | . 64 25 Thermal 15 | . 15 . Explosive 14 | . 11 3 Electromagnetic . | . . . Robot Hit Streak 13 | . 13 7 Robot Miss Streak 2 | . 2 2 Penetration Max . | . . . Secondary Targets 1 | . 1 . Max Gunslinging Chain 1 | . 1 . Shots Hit Robots 81 | . 59 22 Core Hits 54 | . 39 15 Critical Hits 2 | . 1 1 Critical Kills . | . . . Critical Parts Destroyed 2 | . 1 1 Melee Attacks 3 | . . 3 Impact . | . . . Slashing . | . . . Piercing . | . . . Sneak Attacks . | . . . Combat Hostiles . | . . . Follow-up Attacks . | . . . Damage Inflicted 1857 | . 1408 449 Guns 748 | . 632 116 Cannons 154 | . 34 120 Explosions 955 | . 742 213 Melee . | . . . Ramming . | . . . Kinetic 754 | . 518 236 Thermal 148 | . 148 . Explosive 955 | . 742 213 Electromagnetic . | . . . Impact . | . . . Slashing . | . . . Piercing . | . . . Highest Corruption . | . . . Average Corruption . | . . . Corruption Purged . | . . . Overload Shots . | . . . Overflow Damage 1 | . 1 . Projectiles . | . . . Explosions 1 | . 1 . Melee . | . . . Knockbacks 4 | . . 4 Impact . | . . . Kinetic 3 | . . 3 Secondary 1 | . . 1 Self-Inflicted Damage 27 | . 27 . Shots 2 | . 2 . Rammed . | . . . Targets Rammed . | . . . Kicked . | . . . Crushed . | . . . Highest Temperature 78 | . 78 28 Average Temperature 16 | . 16 14 Received Heat Transfer 354 | . 276 78 Siege Activations . | . . . Robots Corrupted . | . . . Combat Hostiles . | . . . Parts Fried . | . . . Impact Corruptions . | . . . Robots Melted . | . . . Combat Hostiles . | . . . Parts Melted 1 | . 1 . Heat Transferred 444 | . 444 . Parts Sabotaged . | . . . Parts Stolen . | . . . Parts Stripped . | . . . Power Chain Reactions . | . . . Missiles Intercepted . | . . . Alert | -11 -10 -10 ------- Run | Scr Mat Min Peak Influence 306 | . 306 187 Average Influence 99 | . 111 93 Maximum Alert Level 1 | . 1 . Low Security (%) 92 | 100 87 100 Level 1 7 | . 12 . Level 2 . | . . . Level 3 . | . . . Level 4 . | . . . Level 5 . | . . . High Security . | . . . Max Security . | . . . Squads Dispatched 1 | . 1 . Investigation . | . . . Extermination . | . . . Reinforcement 1 | . 1 . Assault . | . . . Garrison . | . . . Intercept . | . . . Construction Impeded . | . . . Haulers Reinforced . | . . . Stealth | -11 -10 -10 --------- Run | Scr Mat Min Distress Signals 3 | . 3 . Communications Jammed . | . . . Distress Signals . | . . . Times Spotted 27 | . 20 7 Peak Tracking Total 4 | . 4 3 Tactical Retreats . | . . . Traps | -11 -10 -10 ------- Run | Scr Mat Min Traps Triggered 3 | . 3 . Indirectly . | . . . Trap Hack Attempts . | . . . Triggered . | . . . Disarmed . | . . . Reprogrammed . | . . . Reused . | . . . Traps Extracted . | . . . Installed . | . . . Triggered . | . . . Machines | -11 -10 -10 ---------- Run | Scr Mat Min Machines Disabled 1 | . . 1 Max in Single Turn 1 | . . 1 Machines Sabotaged . | . . . Garrisons Compromised . | . . . Overloaded Fab Kills . | . . . Fab Network Shutdowns . | . . . Hacking | -11 -10 -10 --------- Run | Scr Mat Min Machines Accessed . | . . . Terminals . | . . . Fabricators . | . . . Repair Stations . | . . . Recycling Units . | . . . Scanalyzers . | . . . Garrison Access . | . . . Total Hacks . | . . . Successful . | . . . Failed . | . . . Catastrophic . | . . . Database Lockouts . | . . . Manual . | . . . Terminals . | . . . Fabricators . | . . . Repair Stations . | . . . Recycling Units . | . . . Scanalyzers . | . . . Garrison Access . | . . . Terminal Hacks . | . . . Fabricator Hacks . | . . . Repair Station Hacks . | . . . Recycling Unit Hacks . | . . . Scanalyzer . | . . . Garrison Access Hacks . | . . . Unauthorized Hacks . | . . . Terminals . | . . . Fabricators . | . . . Repair Stations . | . . . Recycling Units . | . . . Scanalyzers . | . . . Garrison Access . | . . . Data Cores Recovered . | . . . Used . | . . . Hacking Detections . | . . . Full Trace Events . | . . . Feedback Events . | . . . Feedback Blocked . | . . . Robot Schematics Acquired . | . . . Robots Built . | . . . Matter . | . . . Time . | . . . Total Robot Build Rating . | . . . Part Schematics Acquired . | . . . Parts Built . | . . . Matter . | . . . Time . | . . . Total Part Build Rating . | . . . Parts Repaired . | . . . Time . | . . . Parts Recycled . | . . . Recycled Matter . | . . . Retrieved Matter . | . . . Retrieved Components . | . . . Parts Scanalyzed . | . . . Part Schematics Acquired . | . . . Parts Damaged . | . . . Bothacking | -11 -10 -10 ------------ Run | Scr Mat Min Used RIF Installer . | . . . Robots Hacked . | . . . Non-combat . | . . . Combat . | . . . Robot Hacks Applied . | . . . Relay Couplers Released . | . . . Robots Rewired . | . . . Allies Hacked . | . . . Hacks Repelled . | . . . Allies | -11 -10 -10 -------- Run | Scr Mat Min Total Allies 1 | . . 1 Largest Group 1 | . . 1 Highest-Rated Group 31 | . . 31 Highest-Rated Ally 31 | . . 31 Total Orders . | . . . Ally Attacks 7 | . . 7 Total Damage 84 | . . 84 Kills 3 | . . 3 Allies Corrupted . | . . . Allies Melted . | . . . Intel | -11 -10 -10 ------- Run | Scr Mat Min Robot Analysis Total . | . . . Derelict Logs Recovered 1 | . . 1 Drone Launches . | . . . Drone Recoveries . | . . . Exploration | -11 -10 -10 ------------- Run | Scr Mat Min Turns Passed 2210 | 113 1321 776 Spaces Moved 1339 | 71 795 473 Core 20 | 20 . . Treads 387 | 51 336 . Legs 932 | . 459 473 Wheels . | . . . Hover . | . . . Flight . | . . . Fastest Speed 50 | 50 120 150 Average Speed 144 | 138 142 150 Slowest Speed 160 | 160 160 150 Overloaded Moves . | . . . Propulsion Burnouts . | . . . Robots Hopped . | . . . Cave-ins Triggered 1 | . . 1 Exploration Rate (%) 56 | 5 99 66 Regions Visited 2 Branch Regions 1 Pre-discovered Areas . | . . . Known Exits Taken . | . . . Unknown Exits Taken 2 | 1 1 . Scrap Searched 2 | . . 2 Spaces Dug 5 | . 5 . Terrain Destroyed 97 | . 73 24 Melee . | . . . Projectile . | . . . AOE 97 | . 73 24 Actions | -11 -10 -10 --------- Run | Scr Mat Min Total 1492 | 85 900 507 Wait 10 | . 10 . Move 1337 | 70 794 473 Hop . | . . . Pick Up 29 | 9 17 3 Fast Attach 5 | 3 1 1 Attach 9 | 3 6 . Detach . | . . . Swap 23 | . 14 9 Drop 16 | . 12 4 Fire 60 | . 46 14 Melee 3 | . . 3 Ram . | . . . Kick . | . . . Crush . | . . . Escape Stasis . | . . . Rewire . | . . . Trap . | . . . Miscellaneous . | . . . Route ------- -11/Scrapyard -10/Materials (discovered 4 exits: [*Mat x3] / [*Min]) -10/Mines (discovered 1 exit: [*Mat]) History --------- Turn | Location | Event 15 | -11/Scrapyard | Discovered new exit (range 15) 114 | -11/Scrapyard | Entered Materials 302 | -10/Materials | Build established: Mutant 375 | -10/Materials | Discovered new exit (range 9) 844 | -10/Materials | Discovered new exit (range 10) 1031 | -10/Materials | Discovered new exit (range 15) 1282 | -10/Materials | Discovered new exit (range 16) 1435 | -10/Materials | Entered Mines 1438 | -10/Mines | Learned Materials terminal intel 1495 | -10/Mines | Core integrity fell below 50% 1762 | -10/Mines | Received a Mining Laser from a helpful Derelict 1949 | -10/Mines | Discovered new exit (range 9) 2201 | -10/Mines | Assisted by bots powering up and referring to "LRC-V3" 2212 | -10/Mines | Crushed by falling debris 2212 | -10/Mines | Smashed by cave-in Last Messages --------------- 02059_ A-02 Transporter system offline. 02064_ Dropped Grenade Launcher. 02066_ Acquired Grenade Launcher. 02193_ G-34 Mercenary destroyed. 02193_ G-47 Trooper destroyed. [Achievement: Dramatic Entrance] 02193_ G-47 Trooper destroyed. 02197_ Acquired 38 matter. 02199_ Acquired 7 matter. 02199_ Acquired 52 matter. 02202_ Dropped Ion Engine. 02203_ Acquired Lgt. Nuclear Core. 02206_ Dropped Aluminum Leg. 02210_ U-05 Engineer lays Concrete. 02212_ The unstable cave ceiling collapses. 02212_ Crushed by falling debris. 02212_ Aluminum Leg destroyed. 02212_ System corrupted by crushing effect (+4). 02212_ Tractor Beam destroyed. 02212_ System corrupted by crushing effect (+4). Map ----- +----------------------------------------------------+ | ??????????????????????????????### ##??????????# | | ?????????????????????????????## #??????????# | | ?????????????????????????????# #??????????# | | ?????????????????????????????# ##?????????# | | ??????????????????????????????# #?????????# | | ?#######???????????????????????# #?????????# | | ?# ##?????????????????????## #?????????### | | ?# ##########?????????????### #???????????# | | ?# !! #???????????????# #???????????# | | ?# !! ####### #???????????????# #?????????### | | ?# ! #?????# #???????????????# ########### | | ?# #?????# #???###?????????# = | | ?# ##?????# #???# ?????????# ########## | | # ##??????# #???# #?????????# #????????#!! | | # #????????# #???# #?######### #????????# | | # #####?????# #???# ### #????????# | | ## #### !##????# #???# ## ###??????# | | ?##### ###### ##### ## ##?????## # | | ???## !! ##?????### | | ??## ### ##???????? | | ?## ! #######################?#### ##????????? | | ?#= ##?????????##????#######????##[######?????? | | ?# ##????????## ????# ###??## ### ##????? | | ?## #????????## ????# * != ##### ! ##???# | | ??## =#???????## ???# = uu ## #???# | | ???#|]#??????## #???#@= * ###### #???# | | ???# #??????# ##??# < #??## ##???# | | ???# #??????? #??##### ##?## #???## | | ???# ######??# #??????## ##?## ##??## | | ???# #??# #??###### #?## ##???# | | ???####### #??# #?## ### ###????# | | ?????????# #??# #?# ## ##??????## | | ?????????# #??# #?## ###### ##????????## | | ?????????# #???# ### ##?## ###??????????? | | ?????????# #???# # ### ##????????????? | | ?????????# #??## = #?????????????? | | ?????????# #?## [ [ #?????????????? | | ?????????# ### * = #?????????????? | | ?????????# [ ## ##?????????????? | | ?????????###### ### #### ##??????????????? | | ??????????????######## ## #?#####???????????????? | | ?????????????????????##?####?????????????????????? | | | | | | | | | | | | | | | | | +----------------------------------------------------+ Best States ------------- Heat Dissipation 25 Energy Generation 14 Energy Capacity 250 Matter Stores 290 Matter Capacity 300 Sight Range 16 Robot Scan Range 10 Terrain Scan Density 10 Evasion (%) 50 Recoil Reduction 2 Item Schematics ----------------- None Robot Schematics ------------------ None Fabricated ------------ Nothing Alien Tech Used ----------------- None Achievements -------------- Dramatic Entrance Challenges ------------ None Game ------ Seed LobotomyMomentumArmor Manual? 0 Play Time 00:25:56 Cumulative 12.5 hours Start 2020.04.04 @ 05:42:06 End 2020.04.04 @ 06:30:33 Sessions 1 Manual Loads 0 Difficulty Rogue Special Mode None Game No. 13 Rogue 13 Adventurer 0 Explorer 0 Win Type - Total 0 Types 0/0/0/0/0/0/0 Lore% 9 Gallery% 15 Achievement% 10 Wizard Run 0 Options --------- ASCII 1 Keyboard 0 Movement Mouse Keybinds 0 Fullscreen 1 Font 24/Crisp Map View 76x50 Tactical HUD 1 Map Filters NONE Filters NONE Steam 0 RUN: 96ba19d0-dbd6-4166-8d28-f1ec9a316f8c